 Dungeon Sprint DCSS version 0.27-a0-1529-g1e82c303ef (webtiles) character file.

Game seed: 5444122496177571019

25 GenialerGandalf the Skirmisher (level 3, -20/35 HPs)
             Began as a Hill Orc Fighter on July 12, 2021.
             Demolished by an ogre (24 damage)
             ... in the Dungeon (Sprint I: "Red Sonja").
             The game lasted 00:00:09 (161 turns).

GenialerGandalf the Skirmisher (Hill Orc Fighter)    Turns: 161, Time: 00:00:10

Health: -20/35     AC:  7    Str: 19    XL:     3   Next: 4%
Magic:  3/3        EV:  7    Int:  8    God:
Gold:   0          SH:  9    Dex: 10    Spells: 2/2 levels left

rFire    . . .     SeeInvis .   a - +0 war axe
rCold    . . .     Faith    .   c - +0 kite shield
rNeg     . . .     Spirit   .   b - +0 scale mail
rPois    .         Reflect  .   (no helmet)
rElec    .         Harm     .   (no cloak)
rCorr    .         Rampage  .   (no gloves)
Will     .....     NoTele   +   (no boots)
Stlth    ..........             (no amulet)
HPRegen  0.11/turn              (no ring)
MPRegen  0.08/turn              (no ring)

@: no status effects
A: no striking features
a: no special abilities


You were in the Dungeon.
You visited 1 branch

Inventory:

Hand Weapons
 a - a +0 war axe (weapon)
Armour
 b - a +0 scale mail (worn)
 c - a +0 kite shield (worn)
Scrolls
 j - a scroll of blinking
Potions
 d - a potion of might
 e - a potion of curing
 f - a potion of heal wounds
 g - a potion of haste
 h - 2 potions of magic
 i - a potion of berserk rage


   Skills:
 + Level 4.9 Fighting
 + Level 3.6 Axes
 + Level 4.7 Armour
 + Level 0.6 Dodging
 + Level 4.8 Shields


You had 2 spell levels left.
You didn't know any spells.
Your spell library was empty.

Dungeon Overview and Level Annotations

Branches:
Dungeon (1/1)

Altars:


Message History

You completely miss Ijyb.
Ijyb is almost dead.
Ijyb hits you with a +0 club.
You completely miss Ijyb.
Ijyb is almost dead.
Ijyb hits you but does no damage. x2
Your shield prevents you from hitting Ijyb.
Ijyb is almost dead.
You block Ijyb's attack. x2
You slash Ijyb!
You kill Ijyb!
Your Fighting skill increases to level 4!
Your Axes skill increases to level 3!
Your Armour skill increases to level 4!
Your Shields skill increases to level 4!
You have reached level 2!
You have reached level 3!
Your experience leads to an increase in your attributes!
Increase (S)trength, (I)ntelligence, or (D)exterity?
You feel stronger.
Things that are here:
a +0 club; a +0 ring mail You start resting.
HP restored.
You open the door.
An ogre comes into view. It is wielding a +0 giant spiked club.
The ogre hits you with a +0 giant spiked club!
There is an open door here.
You hit the ogre.
The ogre is lightly wounded.
You block the ogre's attack.
You slash the ogre!
The ogre is heavily wounded.
The ogre hits you with a +0 giant spiked club!!
Ouch! That really hurt!
* * * LOW HITPOINT WARNING * * *
You slash the ogre!
The ogre is almost dead.
The ogre hits you with a +0 giant spiked club!!
Ouch! That really hurt!
You die...

##########
#<.#..@O.#
#..').#..+
#..#####+#
#..# #..#
#..# #⌠⌠#
####


You could see an ogre.

Vanquished Creatures
  Ijyb (D)
1 creature vanquished.

Notes
Turn   | Place    | Note
-------+----------+-------------------------------------------
     0 | D        | GenialerGandalf the Hill Orc Fighter began the quest for
                  | the Orb.
     0 | D        | Reached XP level 1. HP: 19/19 MP: 1/1
     2 | D        | Noticed Ijyb
    22 | D        | Killed Ijyb
    23 | D        | Reached XP level 2. HP: 16/28 MP: 2/2
    23 | D        | Reached XP level 3. HP: 20/35 MP: 3/3
   157 | D        | Noticed an ogre
   161 | D        | Demolished by an ogre

Illustrated notes

Levels and vault maps discovered:
D:        dungeon_sprint_1 [red_sonja_temple_1, red_sonja_temple_small_1]

Skill      XL: |  1 |
---------------+----+-----
Fighting       | 4 |  4.9
Axes           | 3 |  3.6
Armour         | 4 |  4.7
Shields        | 4 |  4.8
Dodging        | |  0.6

Action                   || total
-------------------------++-------
Melee: War axe           ||    22
Armor: Scale mail        ||    10
Dodge: Dodged            ||     4
Block: Kite shield       ||    13

Table legend: (Time is in decaauts)
 A = Elapsed time spent in this place.
 B = Non-inter-level travel time spent in this place.
 C = Inter-level travel time spent in this place.
 D = Time resting spent in this place.
 E = Time spent auto-exploring this place.
 F = Levels seen in this place.
 G = Mean time per level.
                   A        B        C        D        E       F      G
               +--------+--------+--------+--------+--------+-----+--------+
         Total |    173 |    173 |      0 |    131 |      0 |   1 |  173.0 |
       Dungeon |    173 |    173 |      0 |    131 |      0 |   1 |  173.0 |
               +--------+--------+--------+--------+--------+-----+--------+

Top non-repeatable levels by time:
       D: 173 daAuts
